Unix NetHack Version 5.0.0-0 post-release - last build May  4 2026 22:22:43 (774f63e81ad911689b3a0859ea89b322d5daca8d,branch:main).

Game began 2026-05-06 08:55:20, ended 2026-05-06 09:09:40.

2460080212, lawful female human Valkyrie

               -----------
    ------     |........>|
    |....|     |..........#######      --------------
    |....|     |Zi.......|      ##`    |............|
    |....-#####.@..*.....|        ##  #.........d...|
    |....|     --------|--         #  #|............|
    ---|--             ##          ####-............|  #
     ###                #        ##### -|------------  #
     #                  #       ##      ##             #
     #           -------.--- ##%#        #             #
    ##           |.........|##           ###        ####
  --.---         |.........|#              ####     #
  |<...|         |..........#                 ####  #
  |....|         |.........|                  ?  #  #
  |....|         |..........#                -#--.-#######
  |....|         -----------######           |....|##    ########`
  |....|                                     |....|#
  ------                                     |.....#
                                             ------#

2460080212 the Skirmisher   St:15 Dx:15 Co:18 In:10 Wi:10 Ch:8  Lawful
Dlvl:3  $:44 HP:0(29) Pw:7(7) AC:6  Xp:3 T:1035 

Latest messages:
 Core dumped.
 What do you want to eat? [d or ?*] d
 This food really hits the spot!
 You finish eating the food ration.
 You see here a scroll labeled THARR.
 You try to move the boulder, but in vain.
 You try to move the boulder, but in vain.
 You try to move the boulder, but in vain.
 You already found a monster.  Use 'm' prefix to force another search.
 You already found a monster.  Use 'm' prefix to force another search.
 You already found a monster.  Use 'm' prefix to force another search.
 You already found a monster.  Use 'm' prefix to force another search.
 You hit the gecko.
 You hit the gecko.
 The gecko bites!
 You kill the gecko!
 You kill the gecko!
 The homunculus bites!
 You are put to sleep by the homunculus!
 The homunculus bites!
 The homunculus bites!
 The homunculus bites!
 The homunculus bites!
 The homunculus bites!
 The homunculus bites!
 The combat suddenly awakens you.
 You miss the homunculus.
 The homunculus bites!
 You hit the homunculus.
 The homunculus misses!
 You miss the homunculus.
 The homunculus bites!
 You are put to sleep by the homunculus!
 The homunculus bites!
 The homunculus bites!
 The homunculus bites!
 The homunculus bites!
 The homunculus bites!
 The homunculus bites!
 The kobold zombie hits!
 The combat suddenly awakens you.
 The homunculus bites!
 The homunculus bites!
 You are put to sleep by the homunculus!
 You die...
 Do you want your possessions identified? [ynq] (y) n
 Do you want to see your attributes? [ynq] (y) n
 Do you want an account of creatures vanquished? [ynaq] (y) n
 Do you want to see your conduct and achievements? [ynq] (y) n
 Do you want to see the dungeon overview? [ynq] (y) n

Inventory:
 Coins    ('$')
  $ - 44 gold pieces
 Weapons  (')')
  b - a +0 dagger (alternate weapon; not wielded)
  a - a +1 spear (weapon in right hand)
  i - a +0 scimitar
 Armor    ('[')
  g - an uncursed +0 helm of caution
  c - an uncursed +3 small shield (being worn)
 Comestibles  ('%')
  d - 2 uncursed food rations
 Potions  ('!')
  e - an uncursed potion of extra healing
  j - an uncursed potion of invisibility

2460080212 the Valkyrie's attributes:

Background:
 You were a Skirmisher, a level 3 human Valkyrie.
 You were lawful, nominally on a mission for Tyr
 who was opposed by Odin (neutral) and Loki (chaotic).
 You were right-handed.
 You were in the Dungeons of Doom, on level 3.
 You entered the dungeon 1035 turns ago.
 You had 51 experience points, 29 more were needed to attain level 4.

Basics:
 You had 0 out of 29 hit points.
 You had all 7 energy points (spell power).
 Your armor class was 6.
 Your wallet contained 44 zorkmids.
 Autopickup was off.

Final Characteristics:
 Your strength was 15 (limit:18/100).
 Your dexterity was 15 (limit:18).
 Your constitution was 18 (limit:18).
 Your intelligence was 10 (limit:18).
 Your wisdom was 10 (limit:18).
 Your charisma was 8 (limit:18).

Final Status:
 You weren't hungry.
 You were unencumbered.
 You were wielding a spear.
 You had basic skill with spear.

Final Attributes:
 You were devoutly aligned.
 You were cold resistant.
 You were stealthy.
 You are dead.

Miscellaneous:
 You didn't encounter any bones levels.
 Total elapsed playing time was 14 minutes and 19 seconds.

Major events:
 Turn
    1: 2460080212 the lawful human Valkyrie entered the dungeon
  795: attained the rank of Skirmisher (level 3)
 1035: killed by a homunculus, while sleeping

You didn't know any spells.

Skills:
 Fighting Skills
   bare handed combat [Unskilled]
   two weapon combat  [Unskilled]
   riding             [Unskilled]
 Weapon Skills
   dagger             [Basic]
   axe                [Unskilled]
   pick-axe           [Unskilled]
   short sword        [Unskilled]
   broadsword         [Unskilled]
   long sword         [Unskilled]
   two-handed sword   [Unskilled]
   saber              [Unskilled]
   hammer             [Unskilled]
   quarterstaff       [Unskilled]
   polearms           [Unskilled]
   spear              [Basic]
   trident            [Unskilled]
   lance              [Unskilled]
   sling              [Unskilled]
 Spellcasting Skills
   attack spells      [Unskilled]
   escape spells      [Unskilled]

Voluntary challenges:
 Character rerolling was not enabled.
 You were vegetarian.
 You were an atheist.
 You never genocided any monsters.
 You never polymorphed an object.
 You never changed form.
 You used no wishes.
Achievements:
 You entered a shop.
 You attained the rank of Skirmisher.

 The Dungeons of Doom: levels 1 to 3
    Level 1:
    Level 2:
       A general store.
    Level 3: <- You were here.
       Final resting place for
          you, killed by a homunculus, while sleeping.


Vanquished creatures:
  2 geckos
  a fox
  2 kobolds
  2 goblins
  a grid bug
  3 bats
  a newt
12 creatures vanquished.

No species were genocided or became extinct.

Game over:
                       ----------
                      /          \
                     /    REST    \
                    /      IN      \
                   /     PEACE      \
                  /                  \
                  |    2460080212    |
                  |      44 Au       |
                  |   killed by a    |
                  |    homunculus    |
                  |                  |
                  |                  |
                  |       2026       |
                 *|     *  *  *      | *
        _________)/\\_//(\/(/\)/\//\/|_)_______

Farvel 2460080212 the Valkyrie...

You died in The Dungeons of Doom on dungeon level 3 with 344 points,
and 44 pieces of gold, after 1035 moves.
You were level 3 with a maximum of 29 hit points when you died.

